cohdb
Replays
Latest Replays
All Replays
Popular Replays
Top Player Replays
Match Explorer
How It Works
Community
CoH3 Stats
Reddit
Sign in to upload your games and track your stats! →
Sign in with Steam
Match 29614202
Unlisted
Match 29614202
Overview
Messages
Build Orders
End
Panzergrenadier Squad
250 Light Carrier
Selects Armored Support Battlegroup
Panzergrenadier Squad
Construct Light Support Kompanie
2.5-tonne Medical Truck
MG34 Team
Selects Veteran Gunners
Selects Salvage Kits
Fire Support Elements
Panzerjäger Mechanized Group
Combat Half-tracks
Pak 38 Anti-tank Gun Team
Construct Panzerarmee Kommand
Veteran Squad Leaders
Selects Veteran Gunners
Selects Panzer Storm
le.IG 18 Mechanized Group
Panzer III L Medium Tank
Panzer III L Medium Tank
Armored Reserves
Selects Stuka Anti-tank Loiter
Panzergrenadier Squad
Walking Stuka Rocket Launcher
Tungsten Core Ammunition
Selects Flammpanzer III Medium Tank Sd.Kfz. 141
Panzer III L Medium Tank
Panzergrenadier Squad
Vehicle Survival Package
Pak 38 Anti-tank Gun Team
Selects Command Panzer IV F Medium Tank
Stuka Anti-tank Loiter
Tiger Heavy Tank
Assault Grenadier Squad
Walking Stuka Rocket Launcher
Panzer III L Medium Tank
Assault Grenadier Squad
Stuka Anti-tank Loiter
fazakas94
haywire500
sss
570369480
FIREBALLXL5
iAinEng
sisima78
帝国の猛虎
0
0
Comments
sign in to comment!
No comments posted yet!